 Dungeon Crawl Stone Soup version 0.24.0-125-gc4c63601f3 (webtiles) character file.

Game seed: 8497480312728192365, levelgen mode: deterministic

250 Krabbenopfer the Shield-Bearer (level 6, -5/34 HPs)
             Began as a Gargoyle Fighter on Feb 18, 2020.
             Was a Follower of Hepliaklqana.
             Slain by a killer bee (6 damage)
             ... on level 4 of the Dungeon.
             The game lasted 00:10:40 (2861 turns).

Krabbenopfer the Shield-Bearer (Gargoyle Fighter)   Turns: 2861, Time: 00:10:40

Health: -5/34      AC: 11    Str: 21    XL:     6   Next: 13%
Magic:  6/6        EV:  7    Int:  9    God:    Hepliaklqana [*.....]
Gold:   94         SH:  9    Dex:  9    Spells: 5/5 levels left

rFire    . . .     SeeInvis .   a - +0 flail
rCold    . . .     Gourm    .   c - +0 shield
rNeg     + . .     Faith    .   b - +0 scale mail
rPois    ∞         Spirit   .   (no helmet)
rElec    +         Reflect  .   (no cloak)
rCorr    .         Harm     .   (no gloves)
MR       .....                  (no boots)
Stlth    ..........             n - amulet of rage
HPRegen  0.11/turn              (no ring)
MPRegen  0.10/turn              (no ring)

@: very slightly contaminated, invisible (expiring)
A: reduced essence, negative energy resistance 1, electricity resistance,
unbreathing, petrification resistance, rot immunity, AC +4
a: Recall Ancestor, Ancestor Identity, Renounce Religion, Evoke Berserk Rage


You were on level 4 of the Dungeon.
You worshipped Hepliaklqana.
Hepliaklqana was aware of your devotion.
You were hungry.

You visited 1 branch of the dungeon, and saw 4 of its levels.

You collected 142 gold pieces.
You spent 48 gold pieces at shops.

Inventory:

Hand Weapons
 a - a +0 flail (weapon)
Missiles
 g - a throwing net (quivered)
Armour
 b - a +0 scale mail (worn)
 c - a +0 shield (worn)
Jewellery
 n - an amulet of rage (around neck)
Scrolls
 h - a scroll of immolation
 i - 3 scrolls of identify
 l - a scroll of teleportation
 o - 2 scrolls of remove curse {unknown}
Potions
 d - a potion of might
 e - a potion of cancellation
 m - a potion of curing
 p - a potion of mutation {unknown}
 q - a potion of magic {unknown}
Comestibles
 f - 6 rations
 j - 2 chunks of flesh


   Skills:
 + Level 4.0 Fighting
 * Level 4.4 Maces & Flails
 + Level 3.9 Armour
 * Level 4.7 Shields


You had 5 spell levels left.
You didn't know any spells.
Your spell library was empty.

Dungeon Overview and Level Annotations

Branches:
Dungeon (4/15)
 Temple: D:4-7

Altars:
Hepliaklqana

Shops:
D:4 ?


Innate Abilities, Weirdness & Mutations

You are resistant to torment.
Your stone body is resilient. (AC +4)
You are immune to poison.
You resist negative energy. (rN+)
You are resistant to electric shocks. (rElec)
You can survive without breathing.
You are immune to petrification.
You are immune to rotting.
Your life essence is reduced to manifest your ancestor. (-10% HP)


Message History

You block the killer bee's attack. The killer bee barely misses you.
The killer bee barely misses you. The killer bee barely misses you.
The killer bee stings you.
* * * LOW HITPOINT WARNING * * *
The killer bee stings you but does no damage.
The killer bee barely misses you.
The killer bee stings you but does no damage.
You block the killer bee's attack.
The killer bee stings you but does no damage.
You flicker for a moment.
You block the killer bee's attack. You block the killer bee's attack.
The killer bee closely misses you.
There is a stone staircase leading up here.
You block the killer bee's attack. The killer bee stings you.
* * * LOW HITPOINT WARNING * * *
The killer bee stings you.
You die...

.>.....# #.# .<.#####
.......# ##### ...###.#
##...## # ...#
##.....## # .###
##.......## # .
#.........############
.
#......y......yy....##
.
#....@yy..#########.##
........yy.## #y....
..###.....## #y#.##
#.....## #.#.##
.#.#.### ########.#...
..?#. #...yy..y.##.
......#####.######[.#..
......yy.y.............
.$..y#####.######..#..


You could see 5 killer bees.

Vanquished Creatures
  2 gnolls (D:3)
  2 adders
  An ooze (D:1)
  4 worms
  2 dart slugs
  4 leopard geckos
  An orc (D:3)
  2 giant cockroaches
  7 goblins
  6 hobgoblins
  3 jackals (D:3)
  A ball python (D:3)
  5 bats
  3 frilled lizards
  10 kobolds
  6 rats
59 creatures vanquished.

Vanquished Creatures (collateral kills)
  A phantom (D:3)
  2 adders
  A gnoll (D:3)
  An ooze (D:2)
  2 orcs (D:3)
  2 goblins
  A jackal (D:3)
  2 kobolds
  A bat (D:2)
  A frilled lizard (D:4)
  A rat (D:3)
15 creatures vanquished.

Vanquished Creatures (others)
  2 ancestors
2 creatures vanquished.

Grand Total: 76 creatures vanquished

Notes
Turn   | Place    | Note
-------+----------+-------------------------------------------
     0 | D:1      | Krabbenopfer the Gargoyle Fighter began the quest for the
                  | Orb.
     0 | D:1      | Reached XP level 1. HP: 14/14 MP: 1/1
   111 | D:1      | Reached XP level 2. HP: 15/19 MP: 2/2
   565 | D:1      | Reached XP level 3. HP: 23/23 MP: 3/3
  1189 | D:2      | Reached XP level 4. HP: 23/29 MP: 4/4
  1191 | D:2      | Found a hazy altar of Hepliaklqana.
  1202 | D:2      | Became a worshipper of Hepliaklqana the Forgotten
  1826 | D:3      | Reached XP level 5. HP: 20/29 MP: 5/5
  1850 | D:3      | Noticed a phantom
  1866 | D:3      | Killed a phantom
  2232 | D:3      | Reached * piety under Hepliaklqana
  2311 | D:3      | Reached XP level 6. HP: 31/34 MP: 6/6
  2596 | D:4      | Found Amnizic's Magic Scroll Boutique.
  2602 | D:4      | Bought a scroll of identify for 24 gold pieces
  2602 | D:4      | Bought a scroll of identify for 24 gold pieces
  2861 | D:4      | HP: 1/34 [killer bee (5)]
  2861 | D:4      | Slain by a killer bee

Levels and vault maps discovered:
D:1:      nzn_arrival_crosshair, layout_basic, minmay_tetromino_o4
D:2:      layout_basic, lemuel_crystal_altar
D:3:      layout_loops_cross, first_ration
D:4:      layout_loops_ring, temple_statues, serial_shops, shop

Skill      XL: |  1  2  3  4  5 |
---------------+----------------+-----
Maces & Flails | 3 4 |  4.4
Shields        | 4 |  4.7
Fighting       | 4 |  4.0
Armour         | |  3.9

Action                   |  1- 3 |  4- 6 || total
-------------------------+-------+-------++-------
Melee: Flail             |   126 |   115 ||   241
  Use: Scroll            |       |     6 ||     6
       Potion            |       |     1 ||     1
  Eat: Chunk             |     1 |     5 ||     6
Armor: Scale mail        |    83 |    88 ||   171
Dodge: Dodged            |    44 |    60 ||   104
Block: Shield            |    57 |    82 ||   139
